 Dungeon Crawl Stone Soup version 0.29.1-15-g9cfb28693d (webtiles) character file.

Game seed: 18275530343485524893

16090 iamoutofideas the Severer (level 12, -4/115 HPs)
             Began as a Hill Orc Cinder Acolyte on May 1, 2023.
             Was a Believer of Ignis.
             Slain by a skeletal warrior
             ... wielding a +0 hand axe
              (7 damage)
             ... on level 11 of the Dungeon.
             The game lasted 00:21:51 (20251 turns).

iamoutofideas the Severer (HOCA)                   Turns: 20251, Time: 00:21:51

Health: -4/115     AC: 32    Str: 32    XL:     12   Next: 33%
Magic:  13/13      EV: 21    Int: 14    God:    Ignis [**....]
Gold:   772        SH:  4    Dex:  6    Spells: 11/13 levels left

rFire   + . .      SeeInvis .   a - +0 hand axe (flame)
rCold   + . .      Faith    .   o - +0 buckler
rNeg    . . .      Spirit   .   c - +2 crystal plate armour
rPois   .          Reflect  .   s - +0 helmet
rElec   .          Harm     .   p - +0 cloak
rCorr   .          Rampage  .   (no gloves)
Will    .....                   v - +0 pair of boots of Atheism {Str+4}
Stlth   ..........              y - amulet of the acrobat
HPRegen 0.29/turn               B - +4 ring of protection
MPRegen 0.13/turn               M - +6 ring of strength

@: mighty, about to teleport, acrobatic, studying Spellcasting
A: cold resistance 1
a: Renounce Religion, Fiery Armour, Foxfire Swarm, Rising Flame


You were on level 11 of the Dungeon.
You worshipped Ignis.
Ignis was pleased with you.
You visited 1 branch of the dungeon, and saw 12 of its levels.
You also visited: Bailey.

You collected 772 gold pieces.

Inventory:

Hand Weapons
 a - a +0 hand axe of flaming (weapon)
 I - a +0 war axe
Missiles
 e - 5 throwing nets (quivered)
 t - 5 atropa-tipped darts
Armour
 b - a +2 leather armour of poison resistance
 c - a +2 crystal plate armour (worn)
 o - a +0 buckler (worn)
 p - a +0 cloak (worn)
 s - a +0 helmet (worn)
 v - the +0 pair of boots of Atheism (worn) {Str+4}
   (You acquired it on level 8 of the Dungeon)

   Str:       It affects your strength (+4).
 E - the +4 skin of Zhor {*Englaciate rC+++ SInv}
   (You found it on level 8 of the Dungeon)

   It radiates cold, occasionally slowing all nearby creatures who are not
   resistant to cold.
   rC:        It renders you almost immune to cold.
   SInv:      It lets you see invisible.
 P - a scarf of harm
Jewellery
 h - an amulet of magic regeneration
 y - an amulet of the acrobat (around neck)
 B - a +4 ring of protection (left hand)
 M - a +6 ring of strength (right hand)
 N - an amulet of guardian spirit
Wands
 g - a wand of flame (8)
 j - a wand of polymorph (5)
 r - a wand of mindburst (4)
 x - a wand of iceblast (30)
 C - a wand of digging (2)
 H - a wand of quicksilver (7)
Scrolls
 f - 2 scrolls of immolation
 k - 3 scrolls of teleportation
 l - a scroll of amnesia
 q - 2 scrolls of poison
 u - a scroll of summoning {unknown}
 w - a scroll of enchant armour
 F - a scroll of torment {unknown}
 G - 3 scrolls of identify
 J - 2 scrolls of enchant weapon
 K - a scroll of noise {unknown}
 O - a scroll of brand weapon {unknown}
Potions
 d - 3 potions of brilliance {unknown}
 i - a potion of resistance {unknown}
 m - 2 potions of flight {unknown}
 n - a potion of might
 z - 2 potions of ambrosia {unknown}
 A - 2 potions of magic {unknown}
 D - 2 potions of attraction {unknown}
 L - 2 potions of degeneration {unknown}


   Skills:
 + Level 13.5 Fighting
 + Level 15.1 Axes
 + Level 12.2 Armour
 + Level 0.6 Dodging
 - Level 4.0 Shields
 - Level 1.0 Spellcasting
 - Level 3.3 Fire Magic


You had 11 spell levels left.
You knew the following spells:

 Your Spells              Type           Power      Damage    Failure   Level
a - Scorch                Fire           20%        2d6       92%         2

Your spell library contained the following spells:

 Spells                   Type           Power      Damage    Failure   Level
 Apportation              Tloc           0%         N/A       99%         1
 Necrotise                Necr           0%         1d4       99%         1
 Slow                     Hex            0%         N/A       99%         1
 Summon Small Mammal      Summ           0%         N/A       99%         1
 Ensorcelled Hibernation  Hex/Ice        0%         N/A       100%        2
 Passwall                 Tmut/Erth      0%         N/A       100%        2
 Confusing Touch          Hex            0%         N/A       100%        3
 Conjure Flame            Conj/Fire      5%         6-21      100%        3
 Ignite Poison            Fire/Tmut/Pois 3%         N/A       100%        3
 Inner Flame              Hex/Fire       5%         N/A       100%        3
 Swiftness                Air            0%         N/A       100%        3
 Vampiric Draining        Necr           0%         2d6       100%        3
 Cause Fear               Hex            0%         N/A       100%        4
 Sticky Flame             Conj/Fire      5%         2d3       100%        4
 Dragon Form              Tmut           0%         N/A       100%        7
 Discord                  Hex            0%         N/A       100%        8
 Dragon's Call            Summ           0%         N/A       100%        9


Dungeon Overview and Level Annotations

Branches:
Dungeon (12/15)            Temple (0/1) D:5            Lair (0/5) D:9
    Orc (0/2) D:11         Bailey (visited)

Altars:
Ashenzari
Elyvilon
Fedhas
Gozag
Hepliaklqana
Kikubaaqudgha
Nemelex Xobeh
Okawaru
Sif Muna
Trog
Xom
Zin
Beogh

Shops:
D:1 (   D:7 **

Annotations:
D:4 3 runed translucent doors, 1wqw's ghost, amateur DrFi
D:5 3 runed translucent doors, exclusion: upstairs, SmokingH's ghost, amateur HuCj
D:11 snorg below
D:12 Snorg


Innate Abilities, Weirdness & Mutations

Your flesh is cold resistant. (rC+)


Message History

You are too injured to fight recklessly!
You are too injured to fight recklessly!
Unknown command.
You hit the skeletal warrior. You burn the skeletal warrior.
The skeletal warrior is heavily damaged.
You hit the skeletal warrior. You burn the skeletal warrior.
The skeletal warrior barely misses you.
The skeletal warrior hits you with a +0 hand axe.
The skeletal warrior barely misses you.
You slash the skeletal warrior! You burn the skeletal warrior.
The skeletal warrior is severely damaged.
You slash the skeletal warrior! You burn the skeletal warrior.
You hit the skeletal warrior but do no damage.
The skeletal warrior is severely damaged.
You hit the skeletal warrior but do no damage.
The skeletal warrior hits you but does no damage.
The skeletal warrior hits you with a +0 hand axe!
* * * LOW HITPOINT WARNING * * *
The skeletal warrior hits you from afar with a +0 trident!
* * * LOW HITPOINT WARNING * * *
The skeletal warrior attacks as you move away!
The skeletal warrior hits you with a +1 vampiric long sword!
* * * LOW HITPOINT WARNING * * *
The skeletal warrior attacks as you move away!
The skeletal warrior hits you but does no damage.
The skeletal warrior attacks as you move away!
The skeletal warrior closely misses you.
As you read the scroll of teleportation, it crumbles to dust.
You feel strangely unstable.
The skeletal warrior hits you with a +1 vampiric long sword.
* * * LOW HITPOINT WARNING * * *
The skeletal warrior hits you with a +0 hand axe!
* * * LOW HITPOINT WARNING * * *
The skeletal warrior hits you but does no damage.
Okay, then.
Okay, then.
Okay, then.
Okay, then.
The skeletal warrior hits you with a +0 hand axe!
You die...

#..###..#....####..###
#....
#..#..####....##....###....
.##....##
#................#
........##
##.....#..........
......)..##
##....#####..###.
#.........###.....## #..#
## ...................##..#
###......z.z.......##..
###......z@......#..
##....#####...... #.####
..##.## #. .## #. ## ##


You could see 3 skeletal warriors.

Vanquished Creatures
  2 hydras (D:12)
  A two-headed ogre (D:10)
  A skeletal warrior (D:11)
  An orc knight (D:11)
  A deep elf pyromancer (D:11)
  An ugly thing (D:11)
  A cyclops (D:11)
  A gargoyle (D:12)
  A kobold demonologist (D:11)
  2 unseen horrors
  A rime drake (D:8)
  2 trolls
  2 hornets
  Grinder (D:5)
  25 yaks
  A wyvern (D:9)
  4 vampire mosquitoes (D:9)
  Edmund (D:6)
  A water moccasin (D:6)
  Duvessa (D:5)
  3 black bears
  4 orc warriors
  2 ice beasts
  3 ogres
  5 wolves (Bailey)
  5 centaurs
  10 gnoll sergeants
  A scorpion (D:5)
  17 wights
  Dowan (D:5)
  4 killer bees (D:10)
  An electric eel (D:11)
  A howler monkey (D:10)
  7 hounds
  8 gnoll boudas
  A jelly (D:7)
  9 orc priests
  2 iguanas
  2 orc wizards
  31 gnolls
  5 adders
  2 shadow imps
  A white imp (D:7)
  4 worms
  A dart slug (D:1)
  35 orcs
  6 bats
  7 endoplasms
  2 giant cockroaches
  11 goblins
  9 hobgoblins
  2 quokkas (D:1)
  9 ball pythons
  A frilled lizard (D:2)
  6 kobolds
  4 rats
273 creatures vanquished.

Vanquished Creatures (others)
  A wyvern (D:9)
  2 orcs (D:11)
  94 foxfires
  A fungus (D:9)
  4 plants (D:9)
102 creatures vanquished.

Grand Total: 375 creatures vanquished

Notes
Turn   | Place    | Note
-------+----------+-------------------------------------------
     0 | D:1      | iamoutofideas the Hill Orc Cinder Acolyte began the quest
                  | for the Orb.
     0 | D:1      | Reached XP level 1. HP: 19/19 MP: 2/2
   459 | D:1      | Reached XP level 2. HP: 27/27 MP: 3/3
   849 | D:1      | Reached skill level 5 in Axes
   901 | D:1      | Found Rilemer's Weapon Shop.
  1168 | D:1      | Reached XP level 3. HP: 30/33 MP: 4/4
  2506 | D:2      | Learned a level 2 spell: Scorch
  2836 | D:3      | Reached skill level 6 in Axes
  2836 | D:3      | Reached XP level 4. HP: 26/40 MP: 5/5
  3361 | D:3      | Found a faded altar of an unknown god.
  3975 | D:4      | Noticed a black bear
  3989 | D:4      | Killed a black bear
  3990 | D:4      | Reached skill level 7 in Axes
  3990 | D:4      | Reached XP level 5. HP: 33/46 MP: 6/6
  4184 | D:4      | Noticed an ogre
  4203 | D:5      | Entered Level 5 of the Dungeon
  4330 | D:5      | Reached skill level 8 in Axes
  4330 | D:5      | Reached XP level 6. HP: 49/53 MP: 7/7
  4383 | D:5      | Reached skill level 5 in Fighting
  4647 | D:5      | Noticed Duvessa
  4647 | D:5      | Noticed Dowan
  4652 | D:5      | Gained mutation: Your flesh is cold resistant. (rC+)
                  | [potion of mutation]
  4660 | D:5      | Killed Duvessa
  4668 | D:5      | Killed Dowan
  4669 | D:5      | Reached XP level 7. HP: 27/64 MP: 8/8
  5069 | D:5      | Found a runed translucent gate.
  5071 | D:5      | Noticed a troll
  5072 | D:5      | Found a runed translucent gate.
  5072 | D:5      | Found a runed translucent gate.
  5072 | D:5      | Found an opulent altar of Gozag.
  5073 | D:5      | Noticed SmokingH's ghost (amateur HuCj)
  5672 | D:5      | Found a shimmering blue altar of Sif Muna.
  6544 | D:4      | Found a runed translucent gate.
  6545 | D:4      | Found a runed translucent gate.
  6546 | D:4      | Found a runed translucent gate.
  6546 | D:4      | Noticed 1wqw's ghost (amateur DrFi)
  6553 | D:4      | Identified the +5 scale mail of Egalitarianism {Int+4}
  6847 | D:4      | Found a roughly hewn altar of Beogh.
  6914 | D:5      | Reached XP level 8. HP: 66/77 MP: 9/9
  7103 | D:5      | Reached skill level 1 in Armour
  7706 | D:5      | Noticed Grinder
  7726 | D:5      | Paralysed by something for 4 turns
  7739 | D:5      | Paralysed by Grinder for 2 turns
  7830 | D:5      | Paralysed by Grinder for 5 turns
  7838 | D:5      | Killed Grinder
  7982 | D:5      | Found a staircase to the Ecumenical Temple.
  8160 | D:6      | Reached skill level 9 in Axes
  8591 | D:6      | Noticed Edmund
  8612 | D:6      | Killed Edmund
  8885 | D:6      | Found a blossoming altar of Fedhas.
  8885 | D:6      | Found a glowing silver altar of Zin.
  8886 | D:6      | Found a sparkling altar of Nemelex Xobeh.
  8887 | D:6      | Found an iron altar of Okawaru.
  8887 | D:6      | Found a hazy altar of Hepliaklqana.
  8888 | D:6      | Found a bloodstained altar of Trog.
  8889 | D:6      | Found a white marble altar of Elyvilon.
  8889 | D:6      | Found an opulent altar of Gozag.
  8890 | D:6      | Found a shimmering altar of Xom.
  8891 | D:6      | Found a broken altar of Ashenzari.
  8891 | D:6      | Found an ancient bone altar of Kikubaaqudgha.
  8960 | D:6      | Reached XP level 9. HP: 84/85 MP: 10/10
  9114 | D:6      | Reached skill level 10 in Axes
  9315 | D:7      | Reached skill level 10 in Fighting
  9399 | D:7      | Reached skill level 5 in Armour
  9402 | D:7      | Found a flagged portal.
  9535 | Bailey   | Entered a bailey
  9965 | Bailey   | HP: 2/114 [gnoll bouda/+0 halberd (7)]
  9966 | Bailey   | Reached skill level 11 in Axes
 10946 | Bailey   | Reached XP level 10. HP: 59/94 MP: 11/11
 11807 | D:7      | Reached skill level 12 in Axes
 11911 | D:7      | Found Kojine's General Store.
 11913 | D:7      | Found Lusuloz's Specific Store.
 12142 | D:8      | Identified a scroll of acquirement
 12142 | D:8      | Acquired the +0 pair of boots of Atheism {Str+4}
 12280 | D:8      | Found the +4 skin of Zhor {*Englaciate rC+++ SInv}
 12512 | D:9      | Found a staircase to the Lair.
 12577 | D:9      | Reached skill level 1 in Shields
 13293 | D:9      | Paralysed by a hornet for 2 turns
 13415 | D:9      | Reached skill level 13 in Axes
 14017 | D:10     | Entered Level 10 of the Dungeon
 14265 | D:10     | Killed an unseen horror
 14378 | D:10     | Reached XP level 11. HP: 103/104 MP: 12/12
 14802 | D:10     | Noticed a two-headed ogre
 14824 | D:10     | Killed a two-headed ogre
 15107 | D:10     | Reached skill level 10 in Armour
 15121 | D:10     | Reached skill level 14 in Axes
 15319 | D:11     | Noticed a two-headed ogre
 15322 | D:11     | Noticed a deep elf pyromancer
 15956 | D:11     | Killed a deep elf pyromancer
 15995 | D:11     | Noticed Snorg
 16839 | D:11     | Noticed a cyclops
 16860 | D:11     | Killed a cyclops
 17408 | D:11     | Noticed a red ugly thing
 17427 | D:11     | Killed a red ugly thing
 17712 | D:11     | Noticed an orc knight
 17753 | D:11     | Killed an orc knight
 17921 | D:11     | Found a staircase to the Orcish Mines.
 18534 | D:12     | Reached XP level 12. HP: 86/113 MP: 13/13
 18647 | D:12     | Noticed a four-headed hydra
 18661 | D:12     | Killed a one-headed hydra
 18876 | D:12     | Noticed a seven-headed hydra
 18877 | D:12     | Noticed an eight-headed hydra
 19350 | D:12     | Killed a one-headed hydra
 19544 | D:12     | Reached skill level 15 in Axes
 20248 | D:11     | HP: 2/115 [skeletal warrior/+0 hand axe (10)]
 20251 | D:11     | Slain by a skeletal warrior

Illustrated notes

Levels and vault maps discovered:
D:1:      minmay_arrival_shoal_huts, layout_basic, serial_shops, shop
D:2:      layout_basic, nrook_mini_backslash, minmay_close_crescents
D:3:      layout_loops_ring, chequers_ecumenical_altar_island
D:4:      layout_basic, biasface_ghost_orc_armoury
D:5:      layout_loops_ring, lemuel_coloured_pillars_altar,
          minmay_temple_entry_fiery, ebering_ghost_gozag, uniq_duvessa,
          uniq_grinder
D:6:      layout_basic, nicolae_overflows_in_rows, feat_on_display, uniq_edmund
D:7:      layout_basic, enter_bailey_5, nicolae_specific_store
D:8:      layout_cave_pools, hellmonk_guarded_unrand_zhor
D:9:      layout_basic, dpeg_oklobed_lair, lemuel_flamethrower_2
D:10:     layout_basic
D:11:     layout_layer_cave, erik_orc_2, uniq_snorg
D:12:     layout_basic

Skill      XL: |  1  2  3  4  5  6  7  8  9 10 11 12 |
---------------+-------------------------------------+-----
Axes           | 5 6 7 8 9 11 13 14 15 | 15.1
Fighting       | 4 6 8 9 10 11 12 13 | 13.5
Armour         | 4 7 9 11 12 | 12.2
Shields        | 3 4 |  4.0
Dodging        | |  0.6
Spellcasting   | |  1.0
Fire Magic     | |  3.3

Action                   |  1- 3 |  4- 6 |  7- 9 | 10-12 || total
-------------------------+-------+-------+-------+-------++-------
Melee: Hand axe          |   126 |   120 |   518 |   752 ||  1516
       Punch             |       |     1 |     4 |     5 ||    10
Invok: Foxfire Swarm     |       |       |     4 |     1 ||     5
       Fiery Armour      |       |       |     1 |       ||     1
Evoke: Wand              |       |       |    20 |     7 ||    27
  Use: Scroll            |       |     3 |    13 |     9 ||    25
       Potion            |       |     4 |     7 |     3 ||    14
Armor: Robe              |     9 |       |       |       ||     9
       Ring mail         |    19 |    23 |       |       ||    42
       Plate armour      |       |    37 |   334 |       ||   371
       Crystal plate arm |       |       |    13 |   511 ||   524
Dodge: Dodged            |    67 |    57 |   252 |   234 ||   610
Block: Buckler           |       |       |       |    50 ||    50
